Map: [ESL] Hard Lead

Players

Classic

  • Race: Protoss Protoss
  • Spawn Location: 5:00

Dark - Winner!

  • Race: Zerg Zerg
  • Spawn Location: 11:00

Event: ESL SC2 Masters 2023 Winter (Finals)

VOD

Have the link to the VOD?

Description

Time

  • Played on: Dec. 16, 2023, 3:15 p.m.
  • Length: 13:58

All games in this series

Show
View Real Time Build Order
Export as new Build Order

Classic Protoss 

Build Orders: 1 Gate Expand, Oracle Opening, Phoenix Opening 

Get SALT Encoding   

  12  0:00  Probe  
  13  0:13  Pylon  
  13  0:17  Probe (Chrono Boost)  
  14  0:26  Probe (Chrono Boost)  
  15  0:31  Probe (Chrono Boost)  
  16  0:40  Gateway  
  16  0:43  Probe  
  16  0:49  Assimilator  
  17  0:55  Probe  
  18  1:07  Probe  
  19  1:20  Probe  
  20  1:27  Nexus  
  20  1:32  Probe  
  21  1:41  Cybernetics Core  
  21  1:44  Probe  
  22  1:48  Assimilator  
  22  1:54  Pylon  
  22  1:57  Probe  
  23  2:12  Probe  
  23  2:14  Adept (Chrono Boost)  
  24  2:19  Stargate  
  26  2:24  Probe  
  26  2:27  Warp Gate  
  27  2:36  Probe (Chrono Boost)  
  28  2:37  Adept  
  28  2:39  Probe (Chrono Boost)  
  31  2:47  Probe (Chrono Boost)  
  31  2:48  Probe (Chrono Boost)  
  33  2:53  Probe x2 (Chrono Boost)  
  35  3:03  Phoenix (Chrono Boost)  
  35  3:05  Probe  
  38  3:06  Probe  
  38  3:12  Pylon  
  39  3:17  Probe  
  39  3:18  Probe  
  41  3:20  Gateway  
  41  3:21  Adept  
  41  3:25  Oracle (Chrono Boost)  
  46  3:30  Probe  
  46  3:31  Probe  
  48  3:43  Probe x2  
  48  3:44  Pylon  
  50  3:56  Probe  
  50  3:57  Oracle (Chrono Boost)  
  50  4:01  Nexus  
  54  4:05  Probe  
  54  4:08  Probe, Pylon  
  56  4:12  Assimilator  
  56  4:15  Assimilator  
  56  4:18  Probe  
  56  4:20  Probe  
  56  4:21  Pylon  
  58  4:30  Probe  
  59  4:33  Probe  
  60  4:39  Sentry  
  60  4:40  Sentry  
  60  4:41  Pylon  
  64  4:49  Probe x2  
  66  4:57  Gateway  
  66  5:00  Robotics Facility, Gateway  
  66  5:01  Probe x2  
  66  5:03  Twilight Council, Forge  
  68  5:09  Gateway, Shield Battery  
  68  5:13  Probe x3 (Chrono Boost)  
  71  5:16  Gateway  
  71  5:23  Probe x3 (Chrono Boost)  
  74  5:32  Probe x3  
  74  5:33  Stalker x2  
  81  5:39  Protoss Ground Weapons Level 1  
  81  5:42  Blink, Pylon  
  81  5:45  Assimilator  
  81  5:47  Assimilator  
  81  5:49  Probe x3  
  84  5:59  Pylon  
  84  6:01  Probe x3  
  87  6:07  Stalker x3  
  87  6:08  Stalker x2  
  97  6:12  Pylon  
  97  6:16  Observer  
  97  6:18  Robotics Bay  
  98  6:22  Robotics Facility  
  98  6:28  Nexus  
  98  6:31  Pylon  
  98  6:33  Probe x3  
  101  6:46  Probe x3  
  104  6:48  Forge  
  104  6:57  Gateway  
  104  6:58  Gateway  
  104  6:59  Stalker  
  104  7:00  Stalker x4  
  114  7:02  Colossus (Chrono Boost)  
  120  7:10  Colossus (Chrono Boost)  
  122  7:17  Extended Thermal Lance  
  122  7:20  Shield Battery  
  122  7:22  Pylon  
  122  7:24  Assimilator  
  122  7:27  Probe x3  
  122  7:28  Protoss Ground Armor Level 1 (Chrono Boost)  
  122  7:29  Assimilator  
  125  7:37  Templar Archives  
  125  7:39  Probe x3  
  125  7:41  Probe  
  129  7:44  Gateway  
  129  7:46  Photon Cannon  
  129  7:48  Colossus (Chrono Boost)  
  129  7:54  Colossus (Chrono Boost)  
  141  8:01  Protoss Ground Weapons Level 2 (Chrono Boost)  
  141  8:03  Psionic Storm  
  141  8:05  Gateway  
  141  8:06  Photon Cannon  
  141  8:08  Photon Cannon  
  141  8:12  Pylon  
  141  8:15  Pylon  
  141  8:30  Zealot x4  
  149  8:35  Immortal (Chrono Boost)  
  149  8:36  High Templar x2, Pylon  
  161  8:41  Immortal (Chrono Boost)  
  161  8:49  Pylon  
  161  8:50  High Templar, Pylon  
  161  8:51  High Templar  
  165  8:55  Nexus  
  165  8:56  Pylon  
  165  8:59  Charge  
  165  9:02  Probe x4  
  169  9:04  Pylon  
  169  9:07  Immortal (Chrono Boost)  
  177  9:19  Immortal (Chrono Boost)  
  177  9:24  Fleet Beacon, Stargate  
  177  9:28  Stargate  
  177  9:36  Photon Cannon, Shield Battery  
  177  9:37  Photon Cannon x2  
  177  9:40  Shield Battery  
  177  9:53  Photon Cannon  
  177  9:55  Photon Cannon  
  177  9:59  Assimilator  
  177  10:00  Protoss Air Weapons Level 1, Assimilator  
  177  10:05  Zealot x4  
  177  10:06  Zealot x4  
  193  10:20  Protoss Shields Level 1  
  187  10:39  Zealot x4  
  195  10:49  Assimilator  
  195  10:50  Assimilator  
  193  11:01  Tempest x2 (Chrono Boost)  
  193  11:02  Tempest (Chrono Boost)  
  173  11:09  Zealot x4  
  173  11:10  Zealot  
  199  11:15  Immortal (Chrono Boost)  
  193  11:19  High Templar  
  193  11:20  High Templar x3  
  181  11:31  Zealot x5  
  136  11:40  Tempest x3  
  133  12:19  Zealot x6  
  104  13:02  High Templar  
  104  13:03  High Templar x3  
  103  13:06  Gateway  
  103  13:07  Gateway  
  103  13:09  Probe  
  103  13:10  Cybernetics Core  
  90  13:35  Pylon  
  90  13:37  Pylon  
  90  13:38  Pylon  
  90  13:40  Pylon  
  65  13:43  Pylon, Probe (Chrono Boost)  
  65  13:44  Zealot x2  
  65  13:45  Pylon  
  65  13:46  Archon  
Show
View Real Time Build Order
Export as new Build Order

Dark Zerg - Winner!

Build Orders: Hatch First, Lurkers, Roach Hydra 

Get SALT Encoding   

  12  0:00  Drone  
  13  0:12  Overlord  
  13  0:17  Drone  
  14  0:31  Drone x2  
  16  0:50  Hatchery  
  16  0:51  Drone  
  16  0:55  Drone  
  17  0:58  Drone  
  18  1:10  Extractor  
  17  1:13  Spawning Pool  
  17  1:17  Drone  
  17  1:21  Drone  
  18  1:28  Drone  
  19  1:40  Drone  
  20  1:50  Overlord  
  20  2:00  Queen  
  22  2:02  Queen  
  22  2:03  Zergling x4  
  26  2:12  Metabolic Boost  
  26  2:13  Drone  
  26  2:15  Drone  
  28  2:23  Drone  
  28  2:29  Drone  
  30  2:34  Drone  
  30  2:35  Drone  
  32  2:43  Hatchery  
  31  2:49  Queen  
  33  2:54  Overlord  
  33  3:04  Zergling x4  
  33  3:05  Drone  
  35  3:12  Queen  
  37  3:13  Drone x3  
  37  3:19  Overlord  
  40  3:20  Drone  
  40  3:21  Drone  
  40  3:25  Drone  
  40  3:26  Drone  
  44  3:37  Queen  
  44  3:39  Drone x4  
  50  3:44  Overlord  
  50  3:56  Spore Crawler  
  50  3:58  Spore Crawler, Queen  
  50  4:03  Zergling x4  
  50  4:04  Drone x3  
  50  4:09  Drone x3  
  58  4:16  Overlord  
  58  4:22  Overlord  
  58  4:26  Extractor  
  58  4:27  Overlord  
  58  4:30  Spore Crawler  
  55  4:34  Drone x3  
  55  4:35  Drone x3, Overlord  
  61  4:39  Drone x2  
  63  4:47  Drone  
  63  4:48  Lair  
  63  4:50  Drone x3  
  67  4:53  Drone x2  
  67  4:55  Drone x2  
  67  4:58  Drone x2  
  72  5:03  Roach Warren  
  72  5:05  Drone  
  72  5:07  Drone  
  72  5:08  Drone  
  72  5:09  Extractor  
  72  5:13  Zergling x2  
  74  5:15  Drone  
  74  5:19  Drone x2  
  78  5:21  Drone x4, Evolution Chamber  
  78  5:22  Drone x2  
  78  5:26  Drone  
  83  5:29  Extractor  
  83  5:31  Extractor, Drone  
  83  5:33  Drone x4  
  86  5:35  Extractor  
  86  5:38  Overlord  
  85  5:47  Roach x2, Hatchery  
  85  5:48  Zerg Missile Weapons Level 1  
  87  5:58  Roach x5  
  87  6:02  Overlord  
  87  6:03  Overlord x2  
  97  6:17  Infestation Pit  
  96  6:18  Glial Reconstitution  
  96  6:23  Drone x2  
  96  6:24  Zergling x4  
  96  6:25  Zergling x18  
  109  6:29  Ravager x3  
  109  6:31  Zergling x6  
  114  6:35  Hydralisk Den  
  114  6:36  Ravager  
  114  6:37  Ravager  
  114  6:38  Zergling x6, Ravager  
  119  6:47  Drone x2  
  119  6:50  Overlord x2  
  119  6:52  Overlord  
  121  6:54  Overlord  
  121  6:55  Hive  
  121  6:56  Overlord  
  121  6:59  Overlord  
  121  7:07  Drone x2  
  121  7:08  Drone x5  
  127  7:12  Drone x3  
  127  7:18  Drone  
  127  7:19  Drone, Extractor  
  127  7:20  Lurker Den  
  127  7:21  Extractor  
  126  7:25  Hydralisk x4  
  126  7:26  Grooved Spines  
  134  7:33  Hatchery  
  134  7:36  Hydralisk x2  
  137  7:43  Zergling x18  
  146  7:55  Drone  
  146  7:56  Drone x2, Spore Crawler  
  146  7:59  Hydralisk  
  146  8:00  Hydralisk  
  146  8:03  Overlord  
  146  8:04  Overseer  
  150  8:06  Overlord  
  150  8:07  Overlord  
  150  8:08  Zerg Missile Weapons Level 2  
  150  8:16  Muscular Augments  
  150  8:17  Seismic Spines, Lurker x5  
  155  8:24  Drone x2  
  156  8:28  Roach x4  
  156  8:29  Roach x3  
  156  8:32  Lurker  
  156  8:33  Viper  
  171  8:38  Drone x2  
  176  8:42  Viper  
  179  8:51  Drone x3  
  182  8:58  Drone x3  
  182  8:59  Drone x5, Nydus Network  
  189  9:06  Spine Crawler  
  189  9:07  Spine Crawler  
  189  9:09  Lurker x2  
  189  9:12  Spore Crawler  
  189  9:13  Hydralisk x5, Extractor  
  189  9:15  Extractor, Adaptive Talons  
  196  9:17  Spore Crawler  
  196  9:24  Spore Crawler  
  194  9:25  Spore Crawler x2  
  194  9:26  Overseer  
  194  9:29  Spine Crawler  
  191  9:36  Hydralisk x3  
  197  9:43  Lurker  
  197  9:44  Lurker x2  
  200  9:52  Spine Crawler, Hatchery  
  198  9:53  Spine Crawler  
  193  10:00  Nydus Canal  
  181  10:09  Overseer, Lurker x5  
  186  10:14  Hydralisk x2  
  186  10:19  Spine Crawler  
  189  10:28  Zerg Missile Weapons Level 3  
  188  10:30  Nydus Canal  
  188  10:38  Hydralisk x4  
  188  10:39  Hydralisk x4  
  200  10:47  Zergling x6  
  200  10:50  Nydus Canal  
  193  10:58  Hydralisk x7  
  193  10:59  Hydralisk x3  
  193  11:00  Zergling x4  
  193  11:01  Zergling x8  
  193  11:03  Lurker x4  
  198  11:05  Nydus Canal  
  198  11:17  Hydralisk  
  198  11:18  Hydralisk x2  
  195  11:24  Hydralisk x5  
  192  11:27  Hydralisk  
  192  11:28  Hydralisk x5  
  189  11:35  Hydralisk x3  
  193  11:41  Hydralisk x2  
  192  11:48  Nydus Canal  
  192  11:52  Spire  
  191  11:55  Hydralisk x2  
  191  12:00  Hydralisk x2  
  185  12:03  Hydralisk x3  
  185  12:05  Nydus Canal  
  185  12:07  Hydralisk x2  
  185  12:18  Hydralisk x4  
  185  12:20  Nydus Canal  
  190  12:28  Hydralisk x2  
  191  12:33  Hydralisk x4  
  191  12:38  Hydralisk x2  
  191  12:40  Hydralisk  
  188  12:47  Lurker  
  188  12:48  Lurker  
  185  13:00  Hydralisk x7  
  196  13:09  Lurker x2  
  196  13:10  Overlord x2  
  194  13:23  Hydralisk x7  
  191  13:27  Nydus Canal  
  191  13:32  Lurker x4  
Tags
 
Add a new tag
Caveats
  • Supply blocks, unpowered buildings, or Contaminate may cause inaccurate times.
  • Supply counts are checked every 10 seconds.